Cogmind - Beta 14 @@@ ROGUE MODE // 2025.01.04 @ 21:12:37 Player: jumpy Result: Destroyed by D-53 Grenadier with Mini Grenade Launcher Performance ------------- Evolutions (1) 500 Regions Visited (4) 800 Robots Destroyed (17) 85 Value Destroyed (323) 323 Prototype IDs (1) 20 Alien Tech Used (0) 0 Bonus (0) 0 TOTAL SCORE: 1728 Bonus ------- None Cogmind --------- Core Integrity 0/400 Matter 276/300 Energy 43/100 System Corruption 0% Temperature Cool (0) Movement Core (100) Ox1 Location -9/Mines Parts ------- > --- POWER (1) -------- (None) > --- PROPULSION (2) --- (None) > --- UTILITY (4) ------ Small Storage Unit Targeting Computer > --- WEAPON (2) ------- (None) > --- INVENTORY (8) ---- Light Ion Engine Wheel Flight Unit Flight Unit Flight Unit Improved Assault Rifle Peak State ------------ > --- POWER ------------ Improved Ion Engine > --- PROPULSION ------- Wheel Wheel > --- UTILITY ---------- Small Storage Unit Targeting Computer Shield Generator > --- WEAPON ----------- Improved Assault Rifle Improved Assault Rifle > --- INVENTORY -------- Ion Engine Light Ion Engine Flight Unit Flight Unit Flight Unit EM Pulse Gun Medium Laser Grenade Launcher [Rating: 14] Favorites ----------- Power Ion Engine Engine Ion Engine Propulsion Wheel Treads Light Treads Wheel Wheel Utility Small Storage Unit Device Shield Generator Storage Small Storage Unit Processor Targeting Computer Weapon Improved Assault Rifle Energy Gun Medium Laser Ballistic Gun Improved Assault Rifle Launcher Grenade Launcher Build | -11 -10 -10 -9 -9 ------- Run | Yrd Mat Min Mat Min Slots Evolved 2 | . . . 2 . Power . | . . . . . Propulsion . | . . . . . Utility 2 | . . . 2 . Weapon . | . . . . . Parts Attached 18 | 7 3 . 5 3 Power 2 | 1 . . 1 . Engine 2 | 1 . . 1 . Core . | . . . . . Reactor . | . . . . . Propulsion 5 | 2 2 . 1 . Treads 2 | 2 . . . . Leg . | . . . . . Wheel 3 | . 2 . 1 . Hover . | . . . . . Flight . | . . . . . Utility 3 | 1 1 . 1 . Device 1 | . . . 1 . Storage 1 | 1 . . . . Processor 1 | . 1 . . . Hackware . | . . . . . Protection . | . . . . . Artifact . | . . . . . Weapon 8 | 3 . . 2 3 Energy Gun 4 | 2 . . . 2 Energy Cannon . | . . . . . Ballistic Gun 3 | 1 . . 2 . Ballistic Cannon . | . . . . . Launcher 1 | . . . . 1 Special Weapon . | . . . . . Impact Weapon . | . . . . . Slashing Weapon . | . . . . . Piercing Weapon . | . . . . . Special Melee Weapon . | . . . . . Unidentified Prototypes 1 | . . . 1 . Parts Lost 8 | . . . . 8 Power 1 | . . . . 1 Propulsion 2 | . . . . 2 Utility 1 | . . . . 1 Weapon 4 | . . . . 4 Highest Loss Streak 8 | . . . . 8 To Critical Strikes . | . . . . . Average Slot Usage (%) 88 | . 93 100 85 75 Engine 11 | . 14 14 11 8 Treads 9 | . 24 . . . Wheel 14 | . 3 28 22 17 Device 4 | . . . 8 8 Storage 12 | . 14 14 11 11 Processor 10 | . 8 14 11 11 Energy Gun 6 | . 14 14 . 2 Ballistic Gun 17 | . 14 14 21 18 Peak Build Rating 14 | 6 7 7 14 14 Average Rating 9 | 3 6 7 13 11 On Entrance 6 | . 6 7 7 14 Naked Turns . | . . . . . Heaviest Build 20 | 14 14 14 20 20 Greatest Support 40 | 40 40 20 20 20 Greatest Overweight (x) 2 | . . . . 2 Average Overweight (x) . | . . . . . Largest Inventory Capacity 8 | 8 8 8 8 8 Average Capacity 7 | 6 8 8 8 8 Most Carried 8 | 2 8 6 8 8 Average Carried 5 | 1 4 6 7 7 Final Capacity 8 | 8 8 8 8 8 Final Carried 8 | 2 6 6 8 6 Class Distribution -------------------- 100% | Mutant Dominant Class ---------------- Mutant | -10/Materials Mutant | -10/Mines Mutant | -9/Materials Mutant | -9/Mines Resources | -11 -10 -10 -9 -9 ----------- Run | Yrd Mat Min Mat Min Matter Collected 483 | 203 48 88 144 . Remotely . | . . . . . Salvage Created 479 | . 143 . 318 18 Parts 50 | . 17 . 29 4 Haulers Intercepted . | . . . . . Recyclers Shooed 1 | . . . 1 . Parts Field Recycled . | . . . . . Retrieved Matter . | . . . . . Parts Self-Destructed . | . . . . . Prevented . | . . . . . Kills | -11 -10 -10 -9 -9 ------- Run | Yrd Mat Min Mat Min Combat Hostiles Destroyed 9 | . 4 . 5 . Guns 9 | . 4 . 5 . Classes Destroyed 8 | . 5 . 3 . Worker 3 | . 1 . 2 . Builder 1 | . . . 1 . Tunneler 2 | . 1 . . 1 Operator 1 | . . . 1 . Watcher 1 | . 1 . . . Swarmer 3 | . 3 . . . Grunt 4 | . 1 . 3 . Sentry 2 | . . . 2 . Best Kill Streak 4 | . 4 . 4 1 Combat Bots Only 3 | . 3 . 3 . Max Kills in Single Turn 2 | . 2 . 1 1 Gunslinging 1 | . 1 . . . Exploded . | . . . . . Melee . | . . . . . Uniques/NPCs Destroyed . | . . . . . Combat | -11 -10 -10 -9 -9 -------- Run | Yrd Mat Min Mat Min Hostile Shots Fired 64 | . 20 . 15 29 Missed 13 | . 6 . 4 3 Damage Taken 1264 | . 130 11 115 1008 Core 440 | . 20 . 10 410 Absorbed by Shields 108 | . . . 46 62 Core Remaining (%) 96 | 100 . 92 . . Volleys Fired 38 | . 14 . 16 8 Largest 2 | . 2 . 2 2 Hottest 70 | . 70 . 46 53 Shots Fired 72 | . 28 . 32 12 Gun 71 | . 28 . 32 11 Cannon . | . . . . . Launcher 1 | . . . . 1 Special . | . . . . . Kinetic 54 | . 14 . 32 8 Thermal 17 | . 14 . . 3 Explosive 1 | . . . . 1 Electromagnetic . | . . . . . Robot Hit Streak 12 | . 6 . 12 12 Robot Miss Streak 2 | . 2 . 1 1 Penetration Max . | . . . . . Secondary Targets 1 | . 1 . . . Max Gunslinging Chain 1 | . 1 . . . Shots Hit Robots 56 | . 21 . 24 11 Core Hits 26 | . 9 2 12 3 Critical Kills . | . . . . . Critical Parts Destroyed . | . . . . . Critical Strikes 2 | . 1 . . 1 Burn 2 | . 1 . . 1 Melee Attacks . | . . . . . Impact . | . . . . . Slashing . | . . . . . Piercing . | . . . . . Sneak Attacks . | . . . . . Combat Hostiles . | . . . . . Follow-up Attacks . | . . . . . Damage Inflicted 906 | . 278 25 409 194 Guns 830 | . 278 . 407 145 Cannons . | . . . . . Explosions 43 | . . . . 43 Melee . | . . . . . Ramming 33 | . . 25 2 6 Kinetic 668 | . 142 . 407 119 Thermal 162 | . 136 . . 26 Explosive 43 | . . . . 43 Electromagnetic . | . . . . . Impact . | . . . . . Slashing . | . . . . . Piercing . | . . . . . Highest Corruption . | . . . . . Average Corruption . | . . . . . Corruption Purged . | . . . . . Corruption Blocked . | . . . . . Overload Shots . | . . . . . Overflow Damage . | . . . . . Projectiles . | . . . . . Explosions . | . . . . . Melee . | . . . . . Knockbacks . | . . . . . Impact . | . . . . . Kinetic . | . . . . . Secondary . | . . . . . Self-Inflicted Damage 15 | . . 11 1 3 Shots . | . . . . . Rammed 11 | . 1 7 1 2 Targets Rammed 11 | . 1 7 1 2 Kicked . | . . . . . Crushed . | . . . . . Highest Temperature 108 | . 108 . 8 . Average Temperature 35 | . 36 . 4 . Received Heat Transfer 68 | . 42 . 26 . Siege Activations . | . . . . . Robots Corrupted . | . . . . . Combat Hostiles . | . . . . . Parts Fried . | . . . . . Impact Corruptions . | . . . . . Robots Melted . | . . . . . Combat Hostiles . | . . . . . Parts Melted . | . . . . . Heat Transferred 629 | . 481 . . 148 Parts Sabotaged . | . . . . . Parts Stolen . | . . . . . Parts Stripped . | . . . . . Power Chain Reactions . | . . . . . Alert | -11 -10 -10 -9 -9 ------- Run | Yrd Mat Min Mat Min Peak Influence 245 | . 122 47 245 95 Initial 95 | . . 47 18 95 Average 79 | . 58 47 129 82 Maximum Alert Level 1 | . . . 1 . Low Security (%) 86 | 100 100 100 59 100 Level 1 13 | . . . 40 . Level 2 . | . . . . . Level 3 . | . . . . . Level 4 . | . . . . . Level 5 . | . . . . . High Security . | . . . . . Max Security . | . . . . . Squads Dispatched 1 | . 1 . . . Investigation 1 | . 1 . . . Extermination . | . . . . . Reinforcement . | . . . . . Assault . | . . . . . Garrison . | . . . . . Intercept . | . . . . . Searches Triggered . | . . . . . Construction Impeded . | . . . . . Haulers Reinforced . | . . . . . Active Scanning Responses . | . . . . . Cargo Convoy Interrupts . | . . . . . Stealth | -11 -10 -10 -9 -9 --------- Run | Yrd Mat Min Mat Min Distress Signals . | . . . . . Communications Jammed . | . . . . . Distress Signals . | . . . . . Times Spotted 17 | . 7 . 6 4 Peak Tracking Total 6 | . 3 . 3 6 Tactical Retreats 1 | . . . 1 . Traps | -11 -10 -10 -9 -9 ------- Run | Yrd Mat Min Mat Min Traps Triggered 1 | . 1 . . . Indirectly . | . . . . . Trap Hack Attempts . | . . . . . Triggered . | . . . . . Disarmed . | . . . . . Reprogrammed . | . . . . . Reused . | . . . . . Traps Extracted . | . . . . . Installed . | . . . . . Triggered . | . . . . . Machines | -11 -10 -10 -9 -9 ---------- Run | Yrd Mat Min Mat Min Machines Disabled . | . . . . . Max in Single Turn . | . . . . . Machines Repaired . | . . . . . Machines Dismantled . | . . . . . Machines Sabotaged . | . . . . . Overloaded Fab Kills . | . . . . . Hacking | -11 -10 -10 -9 -9 --------- Run | Yrd Mat Min Mat Min Machines Accessed 1 | . 1 . . . Terminals 1 | . 1 . . . Fabricators . | . . . . . Repair Stations . | . . . . . Recycling Units . | . . . . . Scanalyzers . | . . . . . Garrison Access . | . . . . . Total Hacks 1 | . 1 . . . Successful 1 | . 1 . . . Failed . | . . . . . Catastrophic . | . . . . . Database Lockouts . | . . . . . Manual . | . . . . . Terminals 1 | . 1 . . . Fabricators . | . . . . . Repair Stations . | . . . . . Recycling Units . | . . . . . Scanalyzers . | . . . . . Garrison Access . | . . . . . Terminal Hacks 1 | . 1 . . . Record 1 | . 1 . . . Fabricator Hacks . | . . . . . Repair Station Hacks . | . . . . . Recycling Unit Hacks . | . . . . . Scanalyzer . | . . . . . Garrison Access Hacks . | . . . . . Unauthorized Hacks . | . . . . . Terminals . | . . . . . Fabricators . | . . . . . Repair Stations . | . . . . . Recycling Units . | . . . . . Scanalyzers . | . . . . . Garrison Access . | . . . . . Data Cores Recovered 1 | . . . 1 . Used . | . . . . . Hacking Detections 1 | . 1 . . . Full Trace Events . | . . . . . Feedback Events . | . . . . . Feedback Blocked . | . . . . . Robot Schematics Acquired . | . . . . . Robots Built . | . . . . . Authchips . | . . . . . Time . | . . . . . Total Robot Build Rating . | . . . . . Part Schematics Acquired . | . . . . . Parts Built . | . . . . . Authchips . | . . . . . Time . | . . . . . Total Part Build Rating . | . . . . . Parts Repaired . | . . . . . Time . | . . . . . Parts Recycled . | . . . . . Recycled Matter . | . . . . . Retrieved Matter . | . . . . . Retrieved Components . | . . . . . Parts Scanalyzed . | . . . . . Part Schematics Acquired . | . . . . . Parts Damaged . | . . . . . Bothacking | -11 -10 -10 -9 -9 ------------ Run | Yrd Mat Min Mat Min Used RIF Installer . | . . . . . Robots Hacked . | . . . . . Non-combat . | . . . . . Combat . | . . . . . Robot Hacks Applied . | . . . . . Relay Couplers Released . | . . . . . Fabnet Peak Effective % . | . . . . . Robots Rewired . | . . . . . Allies Hacked . | . . . . . Hacks Repelled . | . . . . . Allies | -11 -10 -10 -9 -9 -------- Run | Yrd Mat Min Mat Min Total Allies . | . . . . . Largest Group . | . . . . . Highest-Rated Group . | . . . . . Highest-Rated Ally . | . . . . . Total Orders . | . . . . . Ally Attacks . | . . . . . Total Damage . | . . . . . Kills . | . . . . . Allies Corrupted . | . . . . . Allies Melted . | . . . . . Intel | -11 -10 -10 -9 -9 ------- Run | Yrd Mat Min Mat Min Robot Analysis Total . | . . . . . Derelict Logs Recovered 1 | . . . . 1 Drone Launches . | . . . . . Drone Recoveries . | . . . . . Exploration | -11 -10 -10 -9 -9 ------------- Run | Yrd Mat Min Mat Min Turns Passed 760 | 73 268 52 257 110 Spaces Moved 544 | 46 152 56 190 100 Core 15 | 11 . . . 4 Treads 151 | 35 116 . . . Legs . | . . . . . Wheels 378 | . 36 56 190 96 Hover . | . . . . . Flight . | . . . . . Fastest Speed 50 | 50 80 80 80 80 Average Speed 101 | 133 141 80 80 81 Slowest Speed 160 | 160 160 80 80 150 Overloaded Moves . | . . . . . Propulsion Burnouts . | . . . . . Robots Hopped . | . . . . . Cave-ins Triggered . | . . . . . Exploration Rate (%) 21 | 4 36 16 22 27 Regions Visited 4 Branch Regions 2 Pre-discovered Areas . | . . . . . Known Exits Taken . | . . . . . Unknown Exits Taken 4 | 1 1 1 1 . Scrap Searched . | . . . . . Spaces Dug . | . . . . . Terrain Destroyed 2 | . . . . 2 Melee . | . . . . . Projectile . | . . . . . AOE 2 | . . . . 2 Terrain Rammed . | . . . . . Walls Destroyed . | . . . . . Machines Disabled . | . . . . . Actions | -11 -10 -10 -9 -9 --------- Run | Yrd Mat Min Mat Min Total 669 | 54 177 62 261 115 Wait 46 | . . . 44 2 Move 540 | 45 151 55 189 100 Hop . | . . . . . Pick Up 11 | 2 6 . 3 . Fast Attach 8 | 6 1 . 1 . Attach 4 | . 2 . . 2 Detach . | . . . . . Swap 6 | 1 . . 4 1 Drop 5 | . 2 . 3 . Fire 38 | . 14 . 16 8 Melee . | . . . . . Ram 10 | . . 7 1 2 Kick . | . . . . . Crush 1 | . 1 . . . Escape Stasis . | . . . . . Rewire . | . . . . . Trap . | . . . . . Miscellaneous . | . . . . . Route ------- -11/Scrapyard -10/Materials -10/Mines -9/Materials -9/Mines History --------- Turn | Location | Event 18 | -11/Scrapyard | Discovered new exit (range 15) 74 | -11/Scrapyard | Entered Materials 333 | -10/Materials | Discovered new exit (range 12) 334 | -10/Materials | Build established: Mutant 342 | -10/Materials | Entered Mines 379 | -10/Mines | Discovered new exit (range 13) 394 | -10/Mines | Entered Materials 394 | -9/Materials | Evolved 2 slots: Utility x2 635 | -9/Materials | Discovered new exit (range 16) 651 | -9/Materials | Entered Mines 653 | -9/Mines | Met a Derelict bent on vengeance 703 | -9/Mines | Learned location of 1 exit from Materials 712 | -9/Mines | Assembled infested the area 751 | -9/Mines | Core integrity fell below 50% 755 | -9/Mines | Core integrity fell below 20% 761 | -9/Mines | Destroyed by D-53 Grenadier with Mini Grenade Launcher Last Messages --------------- 00738_ Pulverizer disabled. 00739_ Imp. Ion Engine destroyed. 00739_ R-06 Scavenger destroyed. 00740_ Wheel destroyed. 00741_ The unstable cave ceiling collapses. 00742_ T-07 Excavator destroyed. 00743_ The unstable cave ceiling collapses. 00743_ Grenade Launcher destroyed. 00745_ The unstable cave ceiling collapses. 00745_ Imp. Assault Rifle destroyed. 00746_ The unstable cave ceiling collapses. 00750_ EM Pulse Gun destroyed. 00750_ D-53 Grenadier suffers critical hit (Burn). 00751_ The unstable cave ceiling collapses. 00754_ D-53 Grenadier destroyed. 00755_ The unstable cave ceiling collapses. 00757_ Med. Laser destroyed. 00758_ The unstable cave ceiling collapses. 00758_ Slammed into D-53 Grenadier. 00759_ The unstable cave ceiling collapses. Map ----- +----------------------------------------------------+ | ?????????????????????????????????????????? | | ?????????????????????????????????????????? | | ?????????????????????????????????????????? | | ?????????????????????????????????????????? | | ?????????????????????????????????????????? | | ?????????????????????????????????????????? | | ?????????????????????????????????????????? | | ?????????????????????????????????????????? | | ?????????????????????????????#???????????? | | ????????????????????????????? ???????????? | | ????????????????????????????? ???????????? | | ????????????????????????????? ???????????? | | ????????????????????????????? ?????????##? | | ????????????????????????????? ????????? ? | | ????????????????????????????? ?????????? ? | | ????????#???????????????????# #????????? ? | | ????????# ??????????????????# #????????? # | | ????????# ????########?????# #????????? | | ????????# ##### ####????# #?????????? | | ????????# ###???# #?????????? | | ????????# # ##??# #?????????? | | ???????????# # #### #?????????? | | ?????????### | a #??????????# | | ????????## ! # #### #??????????# | | ????????# ! d # #?# #??????????# | | ????????# % @ ## #?# #??????????# | | ????????## "" # #?# #####??????# | | ?????????# "" # ####### ## ######## | | ?????????# "" ###### | | ?????????# """ ????# #### """ ######## | | ?????????# ?????????# """ #??????? | | ?????????# #?????????## """ #??????? | | ?????????# ##????????? #??????? | | ?????????# ###??????????### ??????? | | ????????? #???????????????## #?????? | | ???????? #?????????????????### ##?????? | | ??????? #????????????????????####??????? | | ???????? ???????????????????????????????? | | ?????????????????????????????????????????? | | ?????????????????????????????????????????? | | ?????????????????????????????????????????? | | ?????????????????????????????????????????? | | ?????????????????????????????????????????? | | ?????????????????????????????????????????? | | ?????????????????????????????????????????? | | ?????????????????????????????????????????? | | ?????????????????????????????????????????? | | ?????????????????????????????????????????? | | | | | +----------------------------------------------------+ Best States ------------- Heat Dissipation 28 Energy Generation 12 Energy Capacity 265 Matter Stores 300 Matter Capacity 300 Sight Range 16 Terrain Scan Density 10 Evasion (%) 44 Targeting Accuracy 5 Recoil Reduction 2 Item Schematics ----------------- None Robot Schematics ------------------ None Fabricated ------------ Nothing Alien Tech Used ----------------- None Achievements -------------- None Challenges ------------ None Game ------ Seed MappingFrostPlatform Manual? 0 Play Time 00:08:05 Cumulative 10.7 hours Start 2025.01.04 @ 21:01:27 End 2025.01.04 @ 21:12:37 Sessions 1 Manual Loads 0 Difficulty Rogue Special Mode None Game No. 30 Rogue 30 Adventurer 0 Explorer 0 Win Type - Total 0 Types 0/0/0/0/0/0/0/0/0 Lore% 5 Gallery% 20 Achievement% 17 Wizard Run 0 Options --------- Layout 0 ASCII 0 Keyboard 0 Movement Numpad Keybinds 0 Fullscreen 2 Font 18/Terminus Map View 76x50 Zoom Use 1% Tactical HUD 1 Map Filters NONE Filters NONE Steam 1 RUN: 1279e0ed-9e1d-4f63-b006-b6a2d377ce3f